[Event "Chess Festival Groningen 2023 | A"]
[Site "Groningen, Netherlands"]
[Date "2023.12.29"]
[Round "8.29"]
[White "Vijayakumar, Rishi"]
[Black "Kumar, Prajit Sai"]
[Result "1-0"]
[TimeControl "90min/40moves + 30min + 30sec/move"]
[WhiteElo "2104"]
[BlackElo "2172"]

1. d4 d5 2. c4 e6 3. Nc3 c5 4. cxd5 exd5 5. Nf3 Nc6 6.
dxc5 d4 7. Na4 Bxc5 8. Nxc5 Qa5+ 9. Bd2 Qxc5 10. Rc1 Qb6 11. e3 Nf6 12. Bc4 O-O 13.
O-O dxe3 14. Bxe3 Qa5 15. Bc5 Re8 16. b4 Qc7 17. Bd6 Qd8 18. Ng5 Be6 19. Nxe6 fxe6 20. b5 Na5 21. Bd3 Rc8 22. Rxc8 Qxc8 23. Be5 Qd8 24.
Qc2 Qe7 25. Re1 Qf7 26. h3 b6 27. Re3 Kh8 28. Rf3 Qe7 29. Qc3 Rf8 30. Qd4 Nb7 31. Qh4 Rf7 32. Bg6 Rf8 33. Bxh7 Nd6 34.
Bg6+ Kg8 35. Bxf6 gxf6 36. Rg3 Rf7 37.
Bxf7+ Kxf7 38. Qh5+ Kf8 39. Qh8+ 1-0

[Event "Chess Festival Groningen 2023 | A"]
[Site "Groningen, Netherlands"]
[Date "2023.12.29"]
[Round "8.30"]
[White "Kazarjan, Gachatur"]
[Black "Krasenkowa, Elena"]
[Result "1/2-1/2"]
[TimeControl "90min/40moves + 30min + 30sec/move"]
[WhiteElo "2078"]
[BlackElo "2109"]

1. e4 d5 2. exd5 Qxd5 3. d4 Nf6 4. Nf3 Bg4 5. Be2 e6 6.
Be3 c6 7. Nbd2 h6 8. h3 Bh5 9. O-O Be7 10. Ne5 Bxe2 11. Qxe2 O-O 12. Rfd1 Na6 13. Ndf3 Nc7 14. Bf4 Rac8 15.
c4 Qe4 16. Qd2 c5 17. Re1 Qh7 18. Rad1 cxd4 19. Nxd4 Na6 20. a3 Nc5 21. f3 Rcd8 22. Kh1 Nh5 23. Bh2 Bh4 24. Qe3 Bxe1 25.
Rxe1 f6 26. Ng4 e5 27. Nb5 Nd3 28.
Re2 Nhf4 29. Rd2 h5 30. Nf2 Nxf2+ 31. Qxf2 Qb1+ 32. Bg1 a6 33. Nc3 Rxd2 34. Qxd2 Qd3 35. Qxd3 Nxd3 36. b4 Rc8 37. c5 a5 38.
Nd5 Kf7 39. Nb6 Rc7 40. Nd5 Rd7 41. Nb6 axb4 42. axb4 Rd8 43. b5 Nb4 44. c6 Nxc6 45. bxc6 bxc6 46. Kh2 Ke6 47. Kg3 Rd1 48. Be3 Rd3 49. Kf2 h4 50. Na4 Ra3 51.
Nb6 Ra2+ 52. Kf1 Rc2 53. Na4 Kd6 54. Nb6 c5 55. Nc8+ Kd7 56. Nb6+ Kc6 57. Nc8 c4 58. Ne7+ Kd7 59. Ng6 c3 60. Nxh4 Ra2 61. Nf5 c2 62. Nxg7 Ra1+ 63. Kf2 c1=Q 64. Bxc1 Rxc1 65. g4 Ke7 66.
h4 Kf7 67. Nf5 Rc2+ 68. Ke3 Ra2 69. h5 Ra4 70. Nd6+ Ke6 71. Nf5 Kf7 72. Nd6+ Kg7 73. Ne8+ Kf7 74. Nd6+ Kf8 75. Nf5 Rb4 76. Nd6 Kg8 77. Kf2 Kh7 78.
Kg3 Rb6 79. Nf5 Rb3 80. Nd6 Ra3 81. Kf2 Ra7 82. Nf5 Ra4 83. Nd6 Rd4 84. Ne4 Kg7 85. Ng3 Rd3 86. Nf5+ Kh7 87. Ke2 Ra3 88.
Nd6 Kh6 89. Nf7+ Kg7 90. Nd6 Ra4 91. Ne8+ Kf7 92. Nd6+ Ke6 93. Nf5 Ra2+ 94. Ke3 Rh2 95. Ke4 Re2+ 96. Kd3 Re1 97. Kd2 Ra1 98.
Ke3 Ra7 99. Ke4 Rb7 100. Kd3 Ra7 101. Ke4 Ra4+ 102. Ke3 Ra1 103. Kd3 Rd1+ 104. Ke3 Rf1 105. Ke2 Rh1 106. Kd3 Re1 107. Kd2 Ra1 108. Ke3 Ra4 109.
Kd3 e4+ 110. fxe4 Ke5 111. Ne7 Ra3+ 112. Ke2 Rg3 113. h6 Rh3 114. Ng8 Rg3 115. Ne7 Kxe4 116. Ng8 Ke5 117. Kf2 Rxg4 118. Ne7 Ke6 119. h7 Rh4 120. Ng6 Rxh7 121. Nf8+ Kf7 122. Nxh7 f5 123. Kf3 Kg6 124. Kf4 Kxh7 125. Kxf5 1/2-1/2

[Event "Chess Festival Groningen 2023 | A"]
[Site "Groningen, Netherlands"]
[Date "2023.12.29"]
[Round "8.31"]
[White "Groenewoud, Joel"]
[Black "Schuricht, Emil Frederick"]
[Result "1/2-1/2"]
[TimeControl "90min/40moves + 30min + 30sec/move"]
[WhiteElo "1997"]
[BlackElo "2095"]

1. e4 c6 2. Nf3 d5 3. Nc3 dxe4 4. Nxe4 Nf6 5. Qe2 Nxe4 6. Qxe4 Qa5 7. b4 Qf5 8. Qe3 Qe6 9. a4 f6 10. a5 a6 11. d4 Qxe3+ 12. fxe3 Bf5 13. c3 Nd7 14. Bc4 Be4 15. O-O Bd5 16. Be2 e5 17. Rd1 O-O-O 18. Ba3 Kb8 19. c4 Bf7 20. dxe5 Be7 21. exf6 Bxf6 22. Rac1 Bh5 23. Kf2 Rhe8 24. b5 c5 25. Rd5 Bf7 26. Rd2 Ne5 27. Rxd8+ Bxd8 28. Nxe5 Rxe5 29. b6 Bh4+ 30. g3 Bg5 31. Rc3 Bf6 32. Rc2 Bg6 33. Ra2 Bb1 1/2-1/2

[Event "Chess Festival Groningen 2023 | A"]
[Site "Groningen, Netherlands"]
[Date "2023.12.29"]
[Round "8.32"]
[White "Mohtaat, Homayoun"]
[Black "Van Der Leest, Bert"]
[Result "0-1"]
[TimeControl "90min/40moves + 30min + 30sec/move"]
[WhiteFideId "11701552"]
[BlackFideId "1009460"]
[WhiteElo "2013"]
[BlackElo "2142"]

1. d4 Nf6 2. Nc3 g6 3. e4 d6 4. Be2 Bg7 5. Be3 a6 6. g4 c5 7. dxc5 Qa5 8. f3 dxc5 9.
h4 Nc6 10. Nh3 h5 11. g5 Nd7 12. Bd2 Qd8 13. Nf2 b5 14. Rb1
Bb7 15. Nd5 e6 16. Ne3 Nd4 17. c3 Nxe2 18. Qxe2 c4 19. O-O
Qc7 20. Ng2 Rd8 21. Be3 Nc5 22. Rbd1 O-O 23. Bd4 e5 24. Bxc5
Qxc5 25. Rd2 f6 26. Rfd1 Rxd2 27. Qxd2 fxg5 28. Qd6 Qxd6 29.
Rxd6 Rxf3 30. Rxg6 g4 31. Rb6 Rf7 32. Re6 g3 33. Nh1 Rf3 34. Rg6
Bxe4 35. Rg5 Rd3 36. Nxg3 Rd1+ 37. Kh2 Bf3 38. Nf5 Rd7 39. Nge3
e4 40. Rg6 Kf8 41. Nxg7 Rxg7 42. Rxa6 Rd7 43. Kg3 Rd2 44. Rb6
Rxb2 45. Nxc4 Rg2+ {Notation unreadable
[+20] } 0-1

[Event "Chess Festival Groningen 2023 | A"]
[Site "Groningen, Netherlands"]
[Date "2023.12.30"]
[Round "9.1"]
[White "Romanov, Evgeny"]
[Black "Panda, Sambit"]
[Result "1-0"]
[TimeControl "90min/40moves + 30min + 30sec/move"]
[BlackFideId "25091794"]
[WhiteElo "2561"]
[BlackElo "2404"]

1. d4 d5 2. c4 e6 3. Nc3 Nf6 4. Nf3 a6 5. c5 b6 6. cxb6 c5 7. Na4 cxd4 8. Bf4 Bb4+ 9. Bd2 Qd6 10.
Rc1 Nbd7 11. g3 e5 12. Bg2 O-O 13. O-O Bxd2 14. Qxd2 Re8 15. e3 d3 16. Nh4 Nxb6 17. Nxb6 Qxb6 18.
Qxd3 e4 19. Qa3 Bd7 20. Bh1 g5 21. Ng2 Bb5 22. Rfd1 Qe6 23. Ne1 Ng4 24. Bg2 Ne5 25. Rc5 Rad8 26. Qb3 Bc4 27. Qc3 Be2 28. Rd2 Nf3+ 29. Nxf3 exf3 30. Bf1 Bxf1 31. Kxf1 Qh3+ 32. Ke1 Qxh2 33.
Kd1 Qg1+ 34. Kc2 h6 35. Rc6 d4 36. exd4 g4 37. d5 Re2 38. Rxh6 f6 39. Rxf6 Rxd5 40. Qc8+ Kh7 41. Qb7+ 1-0

[Event "Chess Festival Groningen 2023 | A"]
[Site "Groningen, Netherlands"]
[Date "2023.12.30"]
[Round "9.2"]
[White "Kazakouski, Valery"]
[Black "Kanov, Nikola"]
[Result "0-1"]
[TimeControl "90min/40moves + 30min + 30sec/move"]
[WhiteElo "2586"]
[BlackElo "2371"]

1. c4 c5 2. Nf3 Nc6 3. Nc3 g6 4. e3 Nf6 5. d4 cxd4 6. exd4 d5 7. cxd5 Nxd5 8. Qb3 Nxc3 9. Bc4 Nd5 10.
Bxd5 e6 11. Bxc6+ bxc6 12. O-O Qd5 13. Qc2 f6 14. Bd2 a5 15. a3 Kf7 16. Rac1 Bb7 17. b4 a4 18. Rfe1 Bd6 19. Rcd1 g5 20.
Bc3 Be7 21. Re3 g4 22. Ne1 Bd6 23. Bb2 h5 24. Re5 fxe5 25. dxe5 Qxd1 26. Qxd1 Be7 27. h3 c5 28. bxc5 gxh3 29.
Bc1 Bc6 30. g3 h4 31. g4 Rab8 32. Kh2 Rb3 33. Qe2 Rg8 34. g5 Rg6 35. Qh5 Kg7 36. Qxh4 Rb1 37. Nd3 Rxc1 38. Nxc1 Bxg5 39.
Qc4 Bd5 40. Qc3 Bf4+ 41. Kxh3 Be4 42. Kh4 Bf5 0-1

[Event "Chess Festival Groningen 2023 | A"]
[Site "Groningen, Netherlands"]
[Date "2023.12.30"]
[Round "9.3"]
[White "Tiviakov, Sergei"]
[Black "Reinderman, Dimitri"]
[Result "1/2-1/2"]
[TimeControl "90min/40moves + 30min + 30sec/move"]
[WhiteElo "2536"]
[BlackElo "2580"]

1. e4 c5 2. c3 d5 3. exd5 Qxd5 4. d4 cxd4 5. cxd4 Nc6 6. Nf3 e5 7. Nc3 Bb4 8. Bd2 Bxc3 9. Bxc3 e4 10.
Ne5 Nxe5 11. dxe5 Ne7 12. Be2 O-O 13. O-O Re8 14. Qa4 Bd7 15. Qa3 Bc6 16. Rad1 1/2-1/2

[Event "Chess Festival Groningen 2023 | A"]
[Site "Groningen, Netherlands"]
[Date "2023.12.30"]
[Round "9.4"]
[White "De Boer, Eelke"]
[Black "Kobo, Ori"]
[Result "0-1"]
[TimeControl "90min/40moves + 30min + 30sec/move"]
[WhiteElo "2346"]
[BlackElo "2541"]

1. e4 e5 2. Nf3 Nc6 3. Bc4 Bc5 4. c3 Nf6 5. d4 exd4 6. e5 d5 7. Bb5 Ne4 8. cxd4 Bb6 9. Nc3 O-O 10.
Be3 Bg4 11. h3 Bh5 12. Qc2 Nb4 13. Qb3 Ba5 14. O-O c5 15. dxc5 Bxf3 16. gxf3 Ng5 17. Kg2 d4 18. Rad1 Ne6 19.
a3 Nxc5 20. Qc4 Nc2 21. Bc1 Rc8 22. Ne2 Ne1+ 23. Rfxe1 Bxe1 24. Nxd4 Ne6 25. Qa4 Rxc1 26. Rxc1 Qg5+ 27. Kf1 Qxc1 28.
Nb3 Qb1 0-1

[Event "Chess Festival Groningen 2023 | A"]
[Site "Groningen, Netherlands"]
[Date "2023.12.30"]
[Round "9.5"]
[White "Bulmaga, Irina"]
[Black "Jin, Yueheng"]
[Result "0-1"]
[TimeControl "90min/40moves + 30min + 30sec/move"]
[WhiteElo "2439"]
[BlackElo "2398"]

1. e4 c5 2. Nf3 e6 3. d4 cxd4 4. Nxd4 Nf6 5. Bd3 Nc6 6. Nxc6 bxc6 7. Bf4 d5 8. Nd2 Qb6 9. O-O Be7 10.
c4 O-O 11. e5 Nd7 12. Qh5 g6 13. Qe2 Qxb2 14. Rab1 Qa3 15. Rb3 Qa4 16. Bb1 Ba6 17. Rg3 Bxc4 18. Qh5 Bxf1 19. Bh6 Be2 20.
Qxe2 Rfb8 21. h4 Qxh4 22. Rh3 Qd4 23. Bc2 Rb2 24. Bb3 Bb4 25. Rd3 Qxe5 26. Qg4 Bxd2 27. Rxd2 Qe1+ 28. Kh2 Rxd2 29.
Qb4 Rd1 30. Qb7 Qe5+ 31. f4 Qh5+ 32. Kg3 Rd3+ 33. Kf2 Qxh6 34. Qxa8+ Nf8 0-1

[Event "Chess Festival Groningen 2023 | A"]
[Site "Groningen, Netherlands"]
[Date "2023.12.30"]
[Round "9.6"]
[White "Maatman, Nick"]
[Black "Nevednichy, Vladislav"]
[Result "1-0"]
[TimeControl "90min/40moves + 30min + 30sec/move"]
[WhiteElo "2371"]
[BlackElo "2452"]

1. e4 c5 2. Nf3 Nc6 3. d4 cxd4 4. Nxd4 Qb6 5. Nb3 Nf6 6. Nc3 e6 7. Bd3 Be7 8. O-O d6 9. a4 O-O 10.
a5 Qc7 11. Qe2 Bd7 12. f4 Rfe8 13. Kh1 a6 14. Be3 Nb4 15. Na4 Bc6 16. Nb6 Rad8 17. Bg1 Nd7 18. Nd4 Bf6 19. Nxc6 bxc6 20.
c3 Nxd3 21. Qxd3 Nb8 22. Rad1 Qb7 23. b4 Be7 24. Qb1 c5 25. bxc5 dxc5 26. Nd5 Rd7 27. Nxe7+ Rdxe7 28. Bxc5 Rd7 29.
Qxb7 Rxb7 30. Rd6 Rc7 31. Bd4 h5 32. Rb1 f6 33. e5 Nc6 34. exf6 Nxd4 35. cxd4 gxf6 36. Rxa6 Kf7 37. Rab6 Rc2 38.
R6b2 Rc6 39. Ra2 Ra8 40. Kg1 Kg6 41. Kf2 Kf5 42. Rb5+ Kxf4 43. d5 exd5 44. Rxd5 f5 45. h4 Kg4 46.
Rd4+ f4 47. g3 Kh3 48. Rxf4 Rc3 49. Rf3 Rxf3+ 50. Kxf3 Rf8+ 51. Ke2 Re8+ 52. Kd1 Kxg3 53. Ra4 Rd8+ 54. Kc2 Rc8+ 55. Kb3 Ra8 56.
Kc3 Kh3 57. Kd3 Rd8+ 58. Ke3 Re8+ 59. Kf3 Rf8+ 60. Ke2 Re8+ 61. Kd2 Rd8+ 62. Kc2 Rc8+ 63. Kb2 Rb8+ 64. Kc3 Kg3 65. Kd3 Rd8+ 66.
Ke3 Re8+ 67. Kd2 Rd8+ 68. Kc3 Ra8 69. Kb3 Kh3 70. a6 Rb8+ 71. Kc3 Rc8+ 72. Kd3 Rd8+ 73. Ke3 Re8+ 74. Kf4 Kxh4 75.
a7 Ra8 76. Kf5+ Kg3 77. Kg5 h4 78. Ra3+ Kf2 79. Kxh4 Ke2 80. Kg5 1-0

[Event "Chess Festival Groningen 2023 | A"]
[Site "Groningen, Netherlands"]
[Date "2023.12.30"]
[Round "9.7"]
[White "Stremavicius, Pijus"]
[Black "Lahaye, Rick"]
[Result "1-0"]
[TimeControl "90min/40moves + 30min + 30sec/move"]
[WhiteElo "2367"]
[BlackElo "2439"]

1. d4 d5 2. Nf3 Nf6 3. Bf4 c5 4. e3 Nc6 5. Nbd2 e6 6. c3 Bd6 7. Bg3 O-O 8. Bd3 b6 9. e4 dxe4 10.
Nxe4 Nxe4 11. Bxe4 Bb7 12. Qa4 Rc8 13. dxc5 Bxc5 14. Rd1 Qe8 15. Bxh7+ 1-0

[Event "Chess Festival Groningen 2023 | A"]
[Site "Groningen, Netherlands"]
[Date "2023.12.30"]
[Round "9.8"]
[White "De Winter, Arthur"]
[Black "Gomes, Mary Ann"]
[Result "1-0"]
[TimeControl "90min/40moves + 30min + 30sec/move"]
[WhiteElo "2405"]
[BlackElo "2332"]

1. e4 c5 2. Nf3 d6 3. d4 cxd4 4. Nxd4 Nf6 5. Nc3 a6 6. h4 e5 7. Nb3 Be7 8. Be2 Be6 9. f4 exf4 10.
Bxf4 Nc6 11. Qd2 Ne5 12. O-O-O O-O 13. Nd4 Rc8 14. Kb1 b5 15. a3 Rc5 16. h5 Qa8 17. h6 g6 18. Bg5 Rfc8 19.
Rhf1 Ned7 20. Nxe6 fxe6 21. Bg4 Re5 22. Bh3 a5 23. Bf4 Rcc5 24. Bxe5 Rxe5 25. Nxb5 Rxb5 26. Bxe6+ Kh8 27. Bxd7 Nxd7 28.
Rf7 Qe8 29. Qc3+ Re5 30. Rdf1 Nc5 31. Qxa5 Nxe4 32. Qb4 Ng5 33. R7f4 Ne6 34. Re4 Bg5 35. Rfe1 Bf4 36. a4 Nc7 37.
Qxd6 1-0

[Event "Chess Festival Groningen 2023 | A"]
[Site "Groningen, Netherlands"]
[Date "2023.12.30"]
[Round "9.9"]
[White "Aarav, Dengla"]
[Black "Palchuk, Andrii"]
[Result "1/2-1/2"]
[TimeControl "90min/40moves + 30min + 30sec/move"]
[WhiteFideId "45059756"]
[WhiteElo "2382"]
[BlackElo "2328"]

1. e4 c6 2. d4 d5 3. exd5 cxd5 4. Bd3 Nc6 5. c3 Nf6 6. Bf4 Bg4 7. Qb3 Qc8 8. Nd2 e6 9. Ngf3 Be7 10.
O-O O-O 11. Qc2 Bh5 12. Ne5 1/2-1/2

[Event "Chess Festival Groningen 2023 | A"]
[Site "Groningen, Netherlands"]
[Date "2023.12.30"]
[Round "9.10"]
[White "Slagboom, Leandro"]
[Black "Stremavicius, Titas"]
[Result "1/2-1/2"]
[TimeControl "90min/40moves + 30min + 30sec/move"]
[WhiteElo "2304"]
[BlackElo "2550"]

1. e4 c5 2. Nf3 e6 3. d4 cxd4 4. Nxd4 Nf6 5. Nc3 Nc6 6. Qd3 Be7 7. Nxc6 bxc6 8. e5 Nd5 9. Qg3 g6 10.
Bd2 Rb8 1/2-1/2

[Event "Chess Festival Groningen 2023 | A"]
[Site "Groningen, Netherlands"]
[Date "2023.12.30"]
[Round "9.11"]
[White "Beerdsen, Thomas"]
[Black "Kanyamarala, Tarun"]
[Result "1-0"]
[TimeControl "90min/40moves + 30min + 30sec/move"]
[WhiteElo "2511"]
[BlackElo "2305"]

1. e4 c5 2. c3 Nf6 3. e5 Nd5 4. d4 cxd4 5. Bc4 Nb6 6. Bb3 d5 7. cxd4 Nc6 8. Bc2 Nb4 9. Nc3 Bg4 10.
Nge2 Nxc2+ 11. Qxc2 Qc8 12. Ng3 Qc4 13. Be3 Rc8 14. Rc1 g6 15. f4 e6 16. h3 Bf5 17. Nxf5 gxf5 18. g4 Bb4 19.
gxf5 Qxa2 20. fxe6 fxe6 21. Ke2 Bxc3 22. bxc3 Qxc2+ 23. Rxc2 Nc4 24. Kf3 Rg8 25. Bf2 Na3 26. Rcc1 Rg7 27.
Bh4 Rf7 28. Bf6 Kd7 29. Ke3 Nc4+ 30. Kd3 Rg8 31. Rhg1 Rff8 32. Rg5 Rxg5 33. fxg5 Nb2+ 34. Ke2 Rc8 35. Rb1 Na4 36. Rxb7+ Rc7 37.
Rxc7+ Kxc7 38. h4 Nxc3+ 39. Kd3 Ne4 40. h5 Nxg5 41. Bxg5 Kc6 42. Kc3 Kb5 43.
Be7 Ka4 44. h6 Kb5 45. Bc5 a6 46. Kd3 Ka4 47. Ke3 Kb3 48. Kf4
a5 49. Kg5 a4 50. Kf6 a3 51. Bxa3 1-0

[Event "Chess Festival Groningen 2023 | A"]
[Site "Groningen, Netherlands"]
[Date "2023.12.30"]
[Round "9.12"]
[White "Kovchan, Alexander"]
[Black "De Jong, Migchiel"]
[Result "1-0"]
[TimeControl "90min/40moves + 30min + 30sec/move"]
[WhiteElo "2491"]
[BlackElo "2301"]

1. d4 e6 2. c4 Bb4+ 3. Bd2 a5 4. a3 Bxd2+ 5. Qxd2 Nf6 6. Nc3 d6 7. Nf3 Nbd7 8. O-O-O Qe7 9. e4 e5 10.
Bd3 O-O 11. Bc2 c6 12. g4 Re8 13. h3 Nb6 14. c5 dxc5 15. dxe5 Nfd7 16. e6 Qxe6 17. e5 Nf8 18. Rhe1 Qe7 19.
Ne4 Be6 20. Qc3 c4 21. Nd6 Nd5 22. Qd4 b5 23. Nd2 Red8 24. N2e4 b4 25. a4 c3 26. bxc3 Nxc3 27. Nxc3 bxc3 28.
f4 Rab8 29. Qxc3 Rb4 30. f5 Bd5 31. f6 Qa7 32. Nf5 Ne6 33. Nxg7 Nxg7 34. Qd3 1-0

[Event "Chess Festival Groningen 2023 | A"]
[Site "Groningen, Netherlands"]
[Date "2023.12.30"]
[Round "9.13"]
[White "Sanket, Chakravarty"]
[Black "Lambrechts, Koen"]
[Result "1-0"]
[TimeControl "90min/40moves + 30min + 30sec/move"]
[WhiteFideId "25032038"]
[WhiteElo "2361"]
[BlackElo "2290"]

1. c4 b6 2. d4 e6 3. a3 Bb7 4. Nc3 f5 5. d5 Be7 6. Nf3 Na6 7. b4 Nf6 8. g3 Ne4 9. Bb2 Bf6 10.
Rc1 exd5 11. cxd5 c5 12. dxc6 dxc6 13. Qb3 Qe7 14. Bh3 g6 15. Nxe4 fxe4 16. Nd4 Qe5 17. O-O Qd5 18. Qxd5 cxd5 19.
Rc2 Ke7 20. Rfc1 Rab8 21. Rc7+ Nxc7 22. Rxc7+ Ke8 23. Nc6 Bd8 24. Nxd8 Kxd8 25. Rd7+ Ke8 26. Bxh8 Bc8 27. Be5 1-0

[Event "Chess Festival Groningen 2023 | A"]
[Site "Groningen, Netherlands"]
[Date "2023.12.30"]
[Round "9.14"]
[White "Elgersma, Onno"]
[Black "Van Foreest, Machteld"]
[Result "0-1"]
[TimeControl "90min/40moves + 30min + 30sec/move"]
[WhiteElo "2310"]
[BlackElo "2344"]

1. e4 c5 2. Nf3 e6 3. g3 Nc6 4. Bg2 Nf6 5. Qe2 e5 6. O-O d6 7. c3 Bg4 8. h3 Bh5 9. Rd1 Rc8 10.
Na3 Be7 11. g4 Bg6 12. d4 exd4 13. cxd4 Nxe4 14. d5 Nb4 15. Nh2 Nf6 16. f4 h6 17. f5 Bh7 18. Nb5 a6 19. Nc3 c4 20.
Rf1 O-O 21. Be3 Re8 22. Qd2 Nd3 23. h4 b5 24. g5 Nh5 25. Ne4 hxg5 26. hxg5 Qd7 27. Qe2 g6 28. Ng4 Kh8 29. Bd4+ Ne5 30.
Bh3 Qb7 31. Nxe5 dxe5 32. Bxe5+ Kg8 33. fxg6 Bxg6 34. Bxc8 Qxd5 35. Bf5 Bc5+ 36. Nxc5 Rxe5 37. Bxg6 Rxg5+ 38. Kh2 Qd6+ 39. Kh1 Ng3+ 0-1

[Event "Chess Festival Groningen 2023 | A"]
[Site "Groningen, Netherlands"]
[Date "2023.12.30"]
[Round "9.15"]
[White "Jaiveer, Mahendru"]
[Black "Kollen, Zyon"]
[Result "1-0"]
[TimeControl "90min/40moves + 30min + 30sec/move"]
[WhiteFideId "25611151"]
[WhiteElo "2294"]
[BlackElo "2318"]

1. e4 e5 2. Nf3 Nc6 3. Bc4 Bc5 4. c3 Nf6 5. d4 exd4 6. e5 d5 7. Bb5 Ne4 8. cxd4 Bb4+ 9. Bd2 Bxd2+ 10. Nbxd2 Bd7 11. Rc1 O-O 12. Bxc6 Bxc6 13. O-O a5 14. Qb3 Ra6 15. Qe3 Rb6 16.
b3 a4 17. Nxe4 dxe4 18. Nd2 axb3 19. axb3 Qd7 20. Rfd1 Qf5 21. Rc5 Rd8 22. d5 Rxd5 23. Rxd5 Bxd5 24. Qc5 Qe6 25. Nxe4 Rc6 26.
Qd4 h6 27. Nc5 Qe7 28. b4 Be6 29. Qe4 Rb6 30. f4 g6 31. h3 h5 32. Qd4 Kg7 33. Ra1 Rc6 34. Ra8 b6 35. Nxe6+ Rxe6 36.
Kh2 g5 37. g3 gxf4 38. gxf4 Qh4 39. Qe3 Kh7 40. Rf8 Kg7 41. Rb8 Kh7 42. b5 Rg6 43. Rc8 Rg4 44. e6 fxe6 45. Rxc7+ Kh6 46.
f5+ Rf4 47. Qxe6+ 1-0

[Event "Chess Festival Groningen 2023 | A"]
[Site "Groningen, Netherlands"]
[Date "2023.12.30"]
[Round "9.16"]
[White "Toktomushev, Teimur"]
[Black "Jacobs, Florian"]
[Result "1-0"]
[TimeControl "90min/40moves + 30min + 30sec/move"]
[WhiteElo "2249"]
[BlackElo "2218"]

1. d4 Nf6 2. c4 e6 3. Nf3 d5 4. Nc3 Bb4 5. Qa4+ Nc6 6. e3 O-O 7. Qc2 Na5 8. c5 b6 9. a3 Bxc3+ 10. Qxc3 e5 11. Nxe5 Ne4 12. Qc2 Bf5 13. g4 f6 14. Nf7 Rxf7 15. gxf5 bxc5 16. f3 Nd6 17. dxc5 Ndc4 18. b4 Nc6 19.
Bxc4 dxc4 20. Bb2 Qe8 21. e4 Rd8 22. O-O Kh8 23. Rad1 Rfd7 24. Rxd7 Qxd7 25. Qxc4 Qd2 26. Bc1 Qd7 27.
Bf4 g6 28. Qe6 Qd4+ 29. Kh1 Qd3 30. Qxf6+ Kg8 31. Kg2 Qb5 32. fxg6 hxg6 33. Qxg6+ Kh8 34. Qh6+ Kg8 35. Rg1 Kf7 36. Kh1 Nd4 1-0

[Event "Chess Festival Groningen 2023 | A"]
[Site "Groningen, Netherlands"]
[Date "2023.12.30"]
[Round "9.17"]
[White "Kanyamarala, Trisha"]
[Black "Krasenkow, Michal"]
[Result "0-1"]
[TimeControl "90min/40moves + 30min + 30sec/move"]
[WhiteElo "2184"]
[BlackElo "2532"]

1. d4 d6 2. e4 g6 3. Nf3 Bg7 4. Be3 Nf6 5. Nc3 Bg4 6. h3 Bxf3 7. Qxf3 Nc6 8. Bb5 O-O 9. Bxc6 bxc6 10.
O-O Nd7 11. Qe2 Qb8 12. Rab1 a5 13. f4 Qb7 14. Qd2 f5 15. Rfe1 Rae8 16. Bf2 Bh6 17. Bg3 fxe4 18. Nxe4 e5 19.
dxe5 Rxe5 20. Ng5 Rd5 21. Qe2 Bxg5 22. fxg5 Rxg5 23. Qe7 Nf6 24. Rf1 Qb6+ 25. Kh1 Qd4 26. Qe6+ Kg7 27. Rbd1 Qxb2 28.
Rb1 Qd4 29. Rbd1 Qe4 30. Rxf6 Qxe6 31. Rxe6 Rxg3 32. Re7+ Rf7 33. Rde1 Ra3 34. Re8 Rxa2 35. R1e2 Rb2 36. Ra8 Rb5 37.
Kh2 Rc5 38. Kg3 g5 39. Ra7 h5 40. Ra8 h4+ 41. Kh2 Kf6 42. Ra6 Re7 43. Rd2 Ke6 44. Ra8 Rf5 45. Rd8 Kf7 46. Rc8 Rf1 47.
c4 a4 48. c5 d5 49. Ra2 d4 50. Rd8 Re4 51. Rd7+ Ke6 52. Rd8 Ke7 53. Rc8 Kd7 54. Rg8 Ree1 55. g4 d3 56. Rg7+ Ke6 57.
Kg2 Rg1+ 58. Kh2 Re2+ 59. Kxg1 Rxa2 60. Kf1 Ra1+ 0-1

[Event "Chess Festival Groningen 2023 | A"]
[Site "Groningen, Netherlands"]
[Date "2023.12.30"]
[Round "9.18"]
[White "Labruyere, Roger"]
[Black "Van Helvoort, Rob"]
[Result "0-1"]
[TimeControl "90min/40moves + 30min + 30sec/move"]
[WhiteElo "2208"]
[BlackElo "2098"]

1. d4 e6 2. c4 b6 3. e4 Bb4+ 4. Bd2 Bxd2+ 5. Qxd2 d5 6. Bd3 Nc6 7. Nf3 Bb7 8. Nc3 dxe4 9. Bxe4 Nf6 10.
Bc2 O-O 11. O-O Na5 12. Ne5 c5 13. Ne2 Qc7 14. Rac1 cxd4 15. Qxd4 Nc6 16. Nxc6 Qxc6 17. f3 Rad8 18. Qe3 h6 19.
b3 Ng4 20. Qc3 Qc5+ 21. Kh1 Nf2+ 22. Rxf2 Qxf2 23. Qb2 Qe3 24. Ng3 Rd7 25. Nf1 Qf4 26. Bb1 g6 27. Re1 Rfd8 28. Qc2 Qf6 29.
a3 Rd4 30. h3 e5 31. Qe2 Qd6 32. Bc2 Re8 33. Qe3 Kg7 34. Qc3 f6 35. Ng3 Qd7 36. Kh2 h5 37. Kh1 h4 38. Nf1 Qd6 39.
Ne3 Qd7 40. Ng4 Rd2 41. Qe3 g5 42. Be4 Rd1 43. Rxd1 Qxd1+ 44. Kh2 Qd7 45. Bxb7 Qxb7 46. Nf2 Rd8 47. Ne4 Qe7 48. b4 f5 49.
Nc3 e4 50. Kh1 Rd3 51. Qe1 Qe5 52.
Qc1 e3 53. Ne2 Rd2 0-1

[Event "Chess Festival Groningen 2023 | A"]
[Site "Groningen, Netherlands"]
[Date "2023.12.30"]
[Round "9.19"]
[White "Albers, Sasa"]
[Black "Boeren, Jurriaan"]
[Result "1-0"]
[TimeControl "90min/40moves + 30min + 30sec/move"]
[WhiteElo "2192"]
[BlackElo "2102"]

1. e4 e6 2. d4 d5 3. Nd2 c5 4.
Ngf3 cxd4 5. Nxd4 Nf6 6. exd5 Nxd5 7. N2f3 Bb4+ 8. Bd2 O-O 9. Be2 Nc6 10. Nxc6 bxc6 11. c4 Bxd2+ 12. Qxd2 Nf6 13. Qxd8 Rxd8 14. Ne5 Bb7 15.
Bf3 Rac8 16. Ke2 Nd7 17. Nxd7 Rxd7 18. Rhd1 Rcd8 19. g4 Ba6 20. b3 c5 21. a3 Rd4 22. Rxd4 Rxd4 23. Rd1 e5 24. Rxd4 cxd4 25. Kd3 Kf8 26.
b4 Ke7 27. b5 Bc8 28. c5 Kd8 29. Ke4 f6 30. Kd5 Kc7 31. a4 h6 32. a5 d3 33. Ke4 d2 34. Ke3 d1=N+ 35. Bxd1 1-0

[Event "Chess Festival Groningen 2023 | A"]
[Site "Groningen, Netherlands"]
[Date "2023.12.30"]
[Round "9.20"]
[White "Boer, Alef"]
[Black "Smeets, Kobe"]
[Result "0-1"]
[TimeControl "90min/40moves + 30min + 30sec/move"]
[WhiteElo "2017"]
[BlackElo "2239"]

1. e4 c5 2. Nf3 e6 3. c3 Nf6 4. e5 Nd5 5. g3 d6 6. exd6 Bxd6 7. Bg2 Nc6 8. O-O O-O 9. d4 cxd4 10. cxd4 b6 11. Nc3 Ba6 12. Re1 Nxc3 13. bxc3 Rc8 14.
Ng5 Be7 15. f4 h6 16. Nf3 Na5 17. Bd2 Nc4 18. Ne5 Nxd2 19. Qxd2 Qc7 20. Re3 Bb7 21. Bxb7 Qxb7 22. Rd3 Rfd8 23. Rf1 Qe4 24. Qg2 Qxg2+ 25. Kxg2 Rd5 26. Rf2 Ra5 27. c4 f6 28. Ng6 Bd6 29.
Rc2 Kf7 30. Nh4 Ra4 31. Rdc3 g5 32. fxg5 hxg5 33. Nf3 g4 34.
Ng1 e5 35. Ne2 exd4 36. Nxd4 Be5 37. Rd2 Rd8 38. Rcd3 Rxc4 39. Nb5 Rxd3 40. Rxd3 Rc2+ 41. Kg1 Rxa2 0-1

[Event "Chess Festival Groningen 2023 | A"]
[Site "Groningen, Netherlands"]
[Date "2023.12.30"]
[Round "9.21"]
[White "Adamovics, Aleksejs"]
[Black "Aashman, Gupta"]
[Result "1/2-1/2"]
[TimeControl "90min/40moves + 30min + 30sec/move"]
[BlackFideId "45022500"]
[WhiteElo "2015"]
[BlackElo "2235"]

1. c4 e5 2. Nc3 Nf6 3. Nf3 Nc6 4. e4 Bb4 5. d3 d6 6.
Be2 a5 7. O-O Bc5 8. Be3 Bg4 9.
Qd2 Bxf3 10. Bxf3 Nd4 11. Bd1 Ne6 12. Ne2 O-O 13. h3 c6 14. Bc2 Qb6 15. Rab1 Rfd8 16. Nc3 Qc7 17. Rbc1 Qe7 18. Rfe1 Nd7 19. a3 Ndf8 20.
Ne2 Qf6 21. Ra1 Ng6 22. g3 a4 23. Kg2 h6 24. Red1 Ng5 25. Ng1 Ne6 26. Ne2 Ng5 27. Ng1 Ne6 28. Ne2 1/2-1/2